 Dungeon Crawl Stone Soup version 0.30-a0-165-g1891117ce2 (webtiles) character file.

Game seed: 5099959519418782797

34 qw the Chopper (level 3, -2/23 HPs)
             Began as a Gargoyle Fighter on Sept 28, 2022.
             Slain by a hobgoblin (6 damage)
             ... led by Robin
             ... on level 2 of the Dungeon.
             The game lasted 00:00:19 (1147 turns).

qw the Chopper (Gargoyle Fighter)                   Turns: 1147, Time: 00:00:19

Health: -2/23      AC: 10    Str: 21    XL:     3   Next: 31%
Magic:  3/3        EV:  9    Int:  8    God:
Gold:   54         SH:  4    Dex:  9    Spells: 2/2 levels left

rFire   . . .      SeeInvis +    Y - +0 war axe
rCold   . . .      Faith    .    c - +0 buckler
rNeg    + . .      Spirit   .    b - +0 scale mail
rPois   inf        Reflect  .    (no helmet)
rElec   +          Harm     .    (no cloak)
rCorr   .          Rampage  .    (no gloves)
Will    .....                    (no boots)
Stlth   ..........               (no amulet)
HPRegen 0.07/turn                e - ring of see invisible
MPRegen 0.08/turn                (no ring)

@: no status effects
A: sickness immunity, AC +3, negative energy resistance 1, electricity
resistance, torment resistance 1, petrification resistance
a: no special abilities


You were on level 2 of the Dungeon.
You visited 1 branch of the dungeon, and saw 2 of its levels.

You collected 54 gold pieces.


Innate Abilities, Weirdness & Mutations

You are immune to sickness and miasma.
Your stone body is resilient. (AC +3)
You are immune to poison.
You resist negative energy. (rN+)
You are resistant to electric shocks. (rElec)
You are resistant to unholy torment.
You are immune to petrification.


   Skills:
 - Level 3.2 Fighting
 + Level 3.3 Axes
 - Level 3.2 Armour
 - Level 3.2 Shields


You had 2 spell levels left.
You didn't know any spells.
Your spell library was empty.

Inventory:

Hand Weapons
 g - a +0 club
 Y - a +0 war axe (weapon)
Armour
 b - a +0 scale mail (worn)
 c - a +0 buckler (worn)
Jewellery
 e - a ring of see invisible (left hand)
Potions
 d - a potion of might
 f - a potion of lignification

Dungeon Overview and Level Annotations

Branches:
Dungeon (2/15)

Altars:

Annotations:
D:2 Robin


Message History

The adder is severely wounded.
You barely miss the goblin. You hit the goblin.
You kill the goblin!
A bat comes into view.
The adder barely misses you. The adder closely misses you.
You block the goblin's attack.
A worm comes into view.
You hit the adder but do no damage.
The adder is severely wounded.
You barely miss the goblin. x2
A jackal comes into view.
The adder bites you but does no damage. The goblin hits you with a +0 dagger.
The adder bites you.
The endoplasm hits you but does no damage.
The goblin barely misses you. The goblin hits you with a +0 dagger.
You slash the adder!
You kill the adder!
You completely miss the goblin. You hit the endoplasm. You hit the goblin.
You block the goblin's attack. The goblin barely misses you.
The endoplasm freezes you.
You are frozen.
You have reached level 3!
Your experience leads to an increase in your attributes!
Increase (S)trength, (I)ntelligence, or (D)exterity?
You feel stronger. x2
You hit the endoplasm.
You kill the endoplasm!
You hit the goblin. You barely miss the goblin. You slash the goblin!
You kill the goblin!
The goblin closely misses you. The goblin hits you but does no damage.
You closely miss the goblin.
The goblin is moderately wounded.
You closely miss the goblin. You hit the goblin.
You kill the goblin!
You completely miss the goblin.
The goblin hits you with a +0 dagger of speed.
You block the goblin's attack. Robin throws the goblin at you!
The goblin barely misses you. The goblin hits you but does no damage.
The goblin barely misses you. The hobgoblin hits you.
You die...

...... #......
####.......
........... #
#.......... #.
#.#bg..w... #.
#.#ggg?....
####.###.g@gK....#
.........g#g....#.
##.##%.##....#..
#...### ..h#~~~
###.# ..#..~. #.#
#.#...~
####.#####.# ..~
#........#.# .~
............#


You could see a worm, Robin, a jackal, a hobgoblin (strong), 6 goblins, a bat
and a kobold.

Vanquished Creatures
  An adder (D:2)
  A dart slug (D:2)
  2 endoplasms
  A giant cockroach (D:1)
  6 goblins
  2 quokkas (D:1)
  5 ball pythons (D:1)
  2 bats (D:1)
  3 frilled lizards (D:1)
  2 rats (D:1)
25 creatures vanquished.

Notes
Turn   | Place    | Note
-------+----------+-------------------------------------------
     0 | D:1      | qw the Gargoyle Fighter began the quest for the Orb.
     0 | D:1      | Reached XP level 1. HP: 14/14 MP: 1/1
     0 | D:1      | 0 ||| qw: Version: 0.2-a-12-gaebbb33
     0 | D:1      | 0 ||| qw: Game counter: 875
     0 | D:1      | 0 ||| qw: Always use a shield: true
     0 | D:1      | 0 ||| qw: God list: Okawaru
     0 | D:1      | 0 ||| qw: Allow faded altars: false
     0 | D:1      | 0 ||| qw: Do Orc after D:15 true
     0 | D:1      | 0 ||| qw: Do second Lair branch before Depths: true
     0 | D:1      | 0 ||| qw: Lair rune preference: random
     0 | D:1      | 0 ||| qw: Plans: Normal, Zot:1-4, God:TSO, Crypt, Tomb,
                  | Pan, Slime:5, Hells, Abyss, Orb
     0 | D:1      | 0 ||| PLANNING D:1-11
   186 | D:1      | 186 ||| Stepping ~*~*~tactically~*~*~ (stealth).
   282 | D:1      | Reached XP level 2. HP: 19/19 MP: 2/2
   952 | D:1      | 952 ||| UPGRADING to ring of see invisible.
   953 | D:1      | 953 ||| READING scroll labelled XUATHEI CILIMPUGA.
   954 | D:1      | 954 ||| READING scroll labelled KECSUI AKHLIAZY.
   958 | D:1      | 958 ||| READING 2 scrolls labelled ZEATIAV COTIFI.
   959 | D:1      | 959 ||| READING scroll labelled EDAUGA XARAOM.
   960 | D:1      | 960 ||| READING scroll labelled LYDWIS YTUMYP.
   961 | D:1      | 961 ||| DRINKING 2 silvery potions.
   996 | D:1      | 996 ||| DROPPING scroll of amnesia.
  1055 | D:2      | 1055 ||| Stepping ~*~*~tactically~*~*~ (hiding).
  1056 | D:2      | 1056 ||| Stepping ~*~*~tactically~*~*~ (hiding).
  1065 | D:2      | Reached skill level 3 in Axes
  1140 | D:2      | 1140 ||| Stepping ~*~*~tactically~*~*~ (stealth).
  1140 | D:2      | Noticed Robin
  1146 | D:2      | Reached XP level 3. HP: 7/23 MP: 3/3
  1147 | D:2      | HP: 4/23 [goblin/+0 dagger of speed[Robin] (4)]
  1147 | D:2      | Slain by a hobgoblin

Levels and vault maps discovered:
D:1:      erik_arrival_orb_chamber, layout_loops_corners
D:2:      layout_rooms, basic_altar, shapermc_ecumenical_altar_starsandcircs,
          uniq_robin

Skill      XL: |  1  2 |
---------------+-------+-----
Axes           | 2 3 |  3.3
Fighting       | |  3.2
Armour         | |  3.2
Shields        | |  3.2

Action                   || total
-------------------------++-------
Melee: War axe           ||    60
  Use: Scroll            ||     5
       Potion            ||     1
Armor: Scale mail        ||    29
Dodge: Dodged            ||    35
Block: Buckler           ||    14

Table legend:
 A = Non-vault XP
 B = Vault XP
 C = Vault XP percentage of total XP
 D = Non-vault monster count
 E = Vault monster count
 F = Vault count percentage of total count
                 A         B        C        D         E       F
            +---------+---------+-------+---------+---------+-------
      Total |      45 |       6 |  11.8 |      22 |       3 |  12.0
            +---------+---------+-------+---------+---------+-------
        D:1 |      26 |       0 |   0.0 |      19 |       0 |   0.0
        D:2 |      19 |       6 |  24.0 |       3 |       3 |  50.0
            +---------+---------+-------+---------+---------+-------
